 Dungeon Crawl Stone Soup version 0.28.0-43-g3370ac3207 (webtiles) character file.

Game seed: 3174536893953180052

11 dianekeaton the Cudgeller (level 2, -2/26 HPs)
             Began as a Minotaur Berserker on Mar 30, 2022.
             Was a Follower of Trog.
             Slain by a hobgoblin
             ... wielding a +3 spear
              (6 damage)
             ... on level 1 of the Dungeon.
             The game lasted 00:01:06 (521 turns).

dianekeaton the Cudgeller (Minotaur Berserker)       Turns: 521, Time: 00:01:07

Health: -2/26      AC:  5    Str: 21    XL:     2   Next: 13%
Magic:  1/1        EV: 11    Int:  4    God:    Trog [*.....]
Gold:   10         SH:  0    Dex:  9    Spells: 1/1 levels left

rFire   . . .      SeeInvis .   a - +0 mace
rCold   . . .      Faith    .   (no shield)
rNeg    . . .      Spirit   .   c - +0 ring mail
rPois   .          Reflect  .   (helmet restricted)
rElec   .          Harm     .   (no cloak)
rCorr   .          Rampage  .   (no gloves)
Will    .....                   (no boots)
Stlth   ..........              (no amulet)
HPRegen 0.08/turn               (no ring)
MPRegen 0.07/turn               (no ring)

@: on berserk cooldown, slowed, very slow
A: horns 2, retaliatory headbutt
a: Renounce Religion, Berserk


You were on level 1 of the Dungeon.
You worshipped Trog.
Trog was aware of your devotion.
You visited 1 branch of the dungeon, and saw 1 of its levels.

You collected 10 gold pieces.

Inventory:

Hand Weapons
 a - a +0 mace (weapon)
Armour
 c - a +0 ring mail (worn)
Scrolls
 b - a scroll of teleportation {unknown}


   Skills:
 - Level 3.6 Fighting
 + Level 4.4 Maces & Flails
 - Level 2.4 Armour
 - Level 2.1 Dodging


You had one spell level left.
You didn't know any spells.
Your spell library was empty.

Dungeon Overview and Level Annotations

Branches:
Dungeon (1/15)

Altars:


Innate Abilities, Weirdness & Mutations

You have a pair of horns on your head.
You reflexively headbutt those who attack you in melee.


Message History

The bat barely misses you. The goblin hits you with a +0 club.
The kobold barely misses you. The goblin hits you with a +0 club.
You are too injured to fight recklessly!
A red film seems to cover your vision as you go berserk!
You feel yourself moving faster!
You feel mighty! The bat hits you but does no damage.
The kobold hits you but does no damage. The goblin hits you but does no damage.
You thump the kobold!
You kill the kobold!
Trog accepts your kill. The bat barely misses you. You furiously retaliate!
You headbutt the bat!!
You kill the bat!
Trog accepts your kill.
You have reached level 2!
Found a stone staircase leading down.
The goblin hits you with a +0 club.
Things that are here:
a +0 club; 5 stones You miss the goblin.
The goblin barely misses you. You furiously retaliate!
You headbutt the goblin!
You kill the goblin!
Trog accepts your kill.
You see here a +0 club.
You feel a strong urge to attack something.
Things that are here:
a +0 club; 5 stones You are no longer berserk.
You are exhausted.
You feel yourself slow down.
A hobgoblin comes into view. It is wielding a +3 spear.
The hobgoblin shouts!
You see here 27 stones.
The hobgoblin hits you from afar with a +3 spear.
The hobgoblin hits you with a +3 spear.
* * * LOW HITPOINT WARNING * * *
The hobgoblin barely misses you. The hobgoblin hits you with a +3 spear.
* * * LOW HITPOINT WARNING * * *
You closely miss the hobgoblin. The hobgoblin misses you.
The hobgoblin hits you with a +3 spear.
You die...

....#### .......
.......# #.......
....##.######......
....#.......#.....
#####...........## # #
#.......#....## .##. #
#.......#.....###.... #
#.................... #
#....)..#...@g....... #
#.......#....#.........
##
#.......#..(..#.......
. .# ##.######.....#
..... .. .#####.#
#.....###... ...
....##.# #####...#
.#.... .##.##.#
###.##......
.##....######
##.........
.####........
#.))...!...


You could see a hobgoblin.

Vanquished Creatures
  A bat (D:1)
  An endoplasm (D:1)
  A giant cockroach (D:1)
  3 goblins (D:1)
  A hobgoblin (D:1)
  A frilled lizard (D:1)
  A kobold (D:1)
9 creatures vanquished.

Notes
Turn   | Place    | Note
-------+----------+-------------------------------------------
     0 | D:1      | dianekeaton the Minotaur Berserker began the quest for the
                  | Orb.
     0 | D:1      | Reached XP level 1. HP: 19/19 MP: 0/0
   280 | D:1      | Reached skill level 4 in Maces & Flails
   504 | D:1      | Reached XP level 2. HP: 19/26 MP: 1/1
   521 | D:1      | Slain by a hobgoblin

Illustrated notes

Levels and vault maps discovered:
D:1:      elethiomel_arrival_infinity_welcomes_careful_drivers, layout_rooms

Skill      XL: |  1 |
---------------+----+-----
Maces & Flails | 4 |  4.4
Fighting       | |  3.6
Armour         | |  2.4
Dodging        | |  2.1

Action                   || total
-------------------------++-------
Melee: Mace              ||    24
       Punch             ||     1
Invok: Berserk           ||     1
Armor: Ring mail         ||    10
Dodge: Dodged            ||    20
